 Dungeon Crawl Stone Soup version 0.20.1-1-g8b1a95d (webtiles) character file.

1098 Glalom the Basher (level 8, -1/71 HPs)
             Began as a Minotaur Fighter on Oct 29, 2017.
             Slain by Romulous's ghost (13 damage)
             ... on level 5 of the Dungeon.
             The game lasted 00:18:11 (6359 turns).

Glalom the Basher (Minotaur Fighter)                Turns: 6359, Time: 00:18:11

Health: -1/71      AC:  6    Str: 21    XL:     8   Next: 10%
Magic:  7/7        EV:  9    Int:  5    God:
Gold:   268        SH:  0    Dex: 12    Spells: 7/7 levels left

rFire    . . .     SeeInvis .   k - +3 flail (crush)
rCold    + . .     Gourm    .   (no shield)
rNeg     . . .     Faith    .   b - +0 scale mail
rPois    .         Spirit   .   (helmet restricted)
rElec    .         Reflect  .   (no cloak)
rCorr    .         Harm     .   (no gloves)
MR       .....                  (no boots)
Stlth    ..........             (no amulet)
Regen    0.3/turn               n - ring of protection from cold
MPRegen  0.1/turn               (no ring)

@: no status effects
A: retaliatory headbutt, horns 2
a: no special abilities


You were on level 5 of the Dungeon.
You were near starving.

You visited 1 branch of the dungeon, and saw 5 of its levels.

You collected 268 gold pieces.

Inventory:

Hand Weapons
 a - a +0 flail
 k - a +3 flail of crushing (weapon)
Armour
 b - a +0 scale mail (worn)
 c - a +0 shield
Jewellery
 l - an uncursed ring of fire
 n - a ring of protection from cold (left hand)
 t - an uncursed ring of magical power
Wands
 r - a wand of iceblast (10/15)
 z - a wand of random effects (20/48)
Scrolls
 e - a scroll of teleportation
 g - 2 scrolls of enchant armour {unknown}
 m - 4 scrolls of identify
 s - 2 scrolls of fog {unknown}
 u - a scroll of blinking {unknown}
 w - a scroll of silence {unknown}
 y - 2 scrolls of remove curse
 A - a scroll of fear {unknown}
Potions
 d - 2 potions of might
 j - 2 potions of curing
 p - a potion of lignification
 q - a potion of cancellation {unknown}
 v - a potion of berserk rage {unknown}
 x - a potion of heal wounds
Comestibles
 f - 2 bread rations
 h - a royal jelly
 i - 2 meat rations
 o - 4 fruits


   Skills:
 + Level 6.4 Fighting
 - Level 8.7 Maces & Flails
 - Level 3.6 Armour
 + Level 6.6 Shields


You had 7 spell levels left.
You didn't know any spells.

Dungeon Overview and Level Annotations

Branches:
Dungeon (5/15)
 Temple: D:4-7

Altars:
Xom
Zin

Annotations:
D:5 Romulous's ghost, novice MiFi


Innate Abilities, Weirdness & Mutations

You reflexively headbutt those who attack you in melee.
You have a pair of horns on your head.


Message History

Press: ? - help, v - describe, . - travel
Here: Romulous's ghost The floor.
Romulous's ghost is nearby!
You are near starving!
Romulous's ghost hits you.
Romulous's ghost says, "Ah, a second chance to prove myself in battle!"
Romulous's ghost hits you!
* * * LOW HITPOINT WARNING * * *
There is an open door here.
There is an open door here.
Romulous's ghost screams, "You will join me soon!"
There is an open door here.
Romulous's ghost hits you!
* * * LOW HITPOINT WARNING * * *
Found a stone staircase leading down.
Romulous's ghost stares at you.
Found 11 gold pieces.
Romulous's ghost hits you!
You die...

.........# ........# ........#
........# .. ....... $.......#
... #..... #......#
...##....###+# #......#
.........##... #......#
........<.#... +......#
..........#... #.....@#
..........#...
#.....W##..)###.).###..
#.......#...###...###..
+.......#..............
#.......#..............
#.......#........[.....
.##+######......>#..#####....###
................##..####.######
................#........#....#


You could see Romulous's ghost.

Vanquished Creatures
  Sigmund (D:4)
  An ogre (D:4)
  A scorpion (D:5)
  A crimson imp (D:5)
  3 hounds (D:4)
  4 orc wizards
  A gnoll shaman (D:4)
  3 orc priests (D:3)
  A bullfrog skeleton (D:4)
  Ijyb (D:5)
  A worker ant (D:4)
  A hound skeleton (D:4)
  A worker ant zombie (D:5)
  7 gnolls
  15 adders
  A shadow imp (D:5)
  2 oozes
  2 worms
  3 dart slugs
  A leopard gecko (D:3)
  28 orcs
  6 giant cockroaches
  9 goblins
  5 hobgoblins
  2 jackals (D:4)
  2 quokkas
  2 ball pythons
  6 bats
  3 frilled lizards
  A jackal zombie (D:5)
  12 kobolds
  A quokka zombie (D:3)
  6 rats
  A rat zombie (D:5)
135 creatures vanquished.

Notes
Turn   | Place    | Note
-------+----------+-------------------------------------------
     0 | D:1      | Glalom the Minotaur Fighter began the quest for the Orb.
     0 | D:1      | Reached XP level 1. HP: 19/19 MP: 0/0
   114 | D:1      | Reached skill level 3 in Maces & Flails
   470 | D:1      | Reached XP level 2. HP: 26/26 MP: 1/1
   900 | D:1      | Reached skill level 4 in Maces & Flails
  1214 | D:2      | Reached XP level 3. HP: 10/31 MP: 2/2
  1809 | D:2      | Reached skill level 5 in Maces & Flails
  2051 | D:2      | Reached XP level 4. HP: 34/39 MP: 3/3
  2750 | D:3      | Reached skill level 6 in Maces & Flails
  3085 | D:3      | Reached XP level 5. HP: 42/45 MP: 4/4
  3150 | D:3      | Reached skill level 7 in Maces & Flails
  3272 | D:3      | Reached XP level 6. HP: 41/51 MP: 5/5
  3284 | D:3      | Reached skill level 8 in Maces & Flails
  4521 | D:4      | Reached XP level 7. HP: 45/59 MP: 6/6
  4783 | D:4      | Found a glowing silver altar of Zin.
  4954 | D:4      | Reached skill level 5 in Fighting
  4954 | D:4      | Reached skill level 5 in Shields
  5224 | D:4      | Noticed Sigmund
  5461 | D:4      | Killed Sigmund
  5584 | D:5      | Entered Level 5 of the Dungeon
  5584 | D:5      | Found a sand-covered staircase.
  5596 | D:5      | Noticed Ijyb
  5613 | D:5      | Killed Ijyb
  5647 | D:5      | Reached XP level 8. HP: 48/70 MP: 7/7
  5883 | D:5      | Noticed Romulous's ghost (novice MiFi)
  6239 | D:5      | Found a shimmering altar of Xom.
  6359 | D:5      | Slain by Romulous's ghost

Skill      XL: |  1  2  3  4  5  6  7 |
---------------+----------------------+-----
Maces & Flails | 3 4 5 6 7 8 |  8.7
Shields        | 4 6 |  6.6
Fighting       | 4 6 |  6.4
Armour         | |  3.6

Action                   |  1- 3 |  4- 6 |  7- 9 || total
-------------------------+-------+-------+-------++-------
Melee: Flail             |    82 |   173 |    98 ||   353
       Headbutt          |     9 |    25 |    15 ||    49
  Use: Potion            |     1 |     3 |       ||     4
       Scroll            |       |     5 |     1 ||     6
  Eat: Chunk             |     3 |     1 |     1 ||     5
       Fruit             |     1 |       |       ||     1
       Meat ration       |       |     2 |       ||     2
Armor: Scale mail        |    33 |    60 |    31 ||   124
       Skin              |       |    16 |       ||    16
Dodge: Dodged            |    22 |    83 |    38 ||   143
Block: Shield            |    41 |    15 |       ||    56
